SKY
LAS VEGAS KNIGHTS @ SAN FRANCISCO GIANTS
08/26/2051
 
TOP OF THE 1ST
Las Vegas Knights batting - Pitching for San Francisco Giants : RHP Jarrett Arojo
Pitching: RHP Jarrett Arojo
Batting: RHB Tyler Sexton 0-0: Called Strike
0-1: Ball
1-1: Foul Ball, location: 23F
1-2: Foul Ball, location: 2F
1-2: Ball
2-2: Strikes out swinging
Batting: LHB Roy Popko 0-0: Swinging Strike
0-1: Foul Ball, location: 5SF
0-2: Ball
1-2: Ball
2-2: SINGLE (Groundball, 6M, EV 103.8 MPH) (infield hit)
Batting: RHB Jackson Dziedzic 0-0: Ball
1-0: Called Strike
1-1: Ball
2-1: Ball
3-1: Base on Balls
Roy Popko to second
Batting: LHB Damian Rinehart 0-0: Ball
1-0: Foul Ball, location: 2F
1-1: Foul Ball, location: 9LSFF
1-2: Strikes out swinging
Batting: RHB Sam Graham 0-0: Fly out, F9 (Flyball, 9D, EV 105.0 MPH)
Top of the 1st over - 0 runs, 1 hit, 0 errors, 2 left on base; Las Vegas 0 - San Francisco 0
BOTTOM OF THE 1ST
San Francisco Giants batting - Pitching for Las Vegas Knights : LHP Raymundo Capellan
Pitching: LHP Raymundo Capellan
Batting: RHB Kaiden Clackum 0-0: Fly out, F9 (Flyball, 9, EV 83.8 MPH)
Batting: LHB Jeff Edelman 0-0: Swinging Strike
0-1: Foul Ball, location: 2F
0-2: Foul Ball, location: 7LMF
0-2: Foul Ball, location: 2F
0-2: Hit by Pitch
Batting: RHB Theodore Phu 0-0: Called Strike
0-1: Swinging Strike
0-2: Strikes out looking
Batting: RHB Abraham Whiteman 0-0: Called Strike
0-1: Ball
1-1: Swinging Strike
1-2: Strikes out swinging
Bottom of the 1st over - 0 runs, 0 hits, 0 errors, 1 left on base; Las Vegas 0 - San Francisco 0
TOP OF THE 2ND
Las Vegas Knights batting - Pitching for San Francisco Giants : RHP Jarrett Arojo
Batting: LHB Burton Van Skike 0-0: Swinging Strike
0-1: Ball
1-1: Ball
2-1: SINGLE (Line Drive, 6D, EV 98.8 MPH)
Batting: LHB Keshawn Harris 0-0: Sac Bunt to 15S - play at first, batter OUT! 1-3
Burton Van Skike to second
Batting: RHB Dexter Hines 0-0: Called Strike
0-1: Ball
1-1: Ball
2-1: Ball
3-1: Fly out, F8 (Flyball, 8RD, EV 93.8 MPH)
Runner from 2nd tags up, SAFE at 3rd with throw by CF
Batting: RHB Danny Montano 0-0: Called Strike
0-1: Ball
1-1: Swinging Strike
1-2: Strikes out swinging
Top of the 2nd over - 0 runs, 1 hit, 0 errors, 1 left on base; Las Vegas 0 - San Francisco 0
BOTTOM OF THE 2ND
San Francisco Giants batting - Pitching for Las Vegas Knights : LHP Raymundo Capellan
Batting: RHB Zavier Austin 0-0: Ball
1-0: Called Strike
1-1: Ball
2-1: Foul Ball, location: 2F
2-2: Strikes out swinging
Batting: RHB Solomon Ding 0-0: Called Strike
0-1: Swinging Strike
0-2: Ball
1-2: Ball
2-2: Foul Ball, location: 9LMF
2-2: Foul Ball, location: 23F
2-2: Ball
3-2: Fly out, F9 (Flyball, 89M, EV 93.8 MPH)
Batting: RHB Rhett Damewood 0-0: Ball
1-0: Ball
2-0: Swinging Strike
2-1: Fly out, F6 (Popup, 6D, EV 55.0 MPH)
Bottom of the 2nd over - 0 runs, 0 hits, 0 errors, 0 left on base; Las Vegas 0 - San Francisco 0
TOP OF THE 3RD
Las Vegas Knights batting - Pitching for San Francisco Giants : RHP Jarrett Arojo
Batting: RHB Tyler Sexton 0-0: Ball
1-0: Ground out 5-3 (Groundball, 56, EV 85.6 MPH)
Batting: LHB Roy Popko 0-0: SOLO HOME RUN (Flyball, 78XD, EV 103.8 MPH), Distance : 424 ft
Batting: RHB Jackson Dziedzic 0-0: Ball
1-0: Ball
2-0: Ball
3-0: Base on Balls
Batting: LHB Damian Rinehart 0-0: Called Strike
0-1: Ball
1-1: SINGLE (Groundball, 4MS, EV 61.9 MPH) (infield hit)
Jackson Dziedzic to second
Batting: RHB Sam Graham 0-0: Grounds into double play, 5-4-3 (Groundball, 5, EV 84.4 MPH)
Top of the 3rd over - 1 run, 2 hits, 0 errors, 1 left on base; Las Vegas 1 - San Francisco 0
BOTTOM OF THE 3RD
San Francisco Giants batting - Pitching for Las Vegas Knights : LHP Raymundo Capellan
Batting: RHB Nolan Peterson 0-0: Ball
1-0: Swinging Strike
1-1: Ball
2-1: Ground out 5-3 (Groundball, 56S, EV 84.4 MPH)
Batting: RHB Zaiden Parker 0-0: Called Strike
0-1: SINGLE (Flyball, 6MD, EV 94.4 MPH)
Batting: RHB Kaiden Clackum 0-0: Called Strike
0-1: Swinging Strike
0-2: Strikes out swinging
Batting: LHB Jeff Edelman 0-0: Ball
1-0: Ball
2-0: Ground out 4-3 (Groundball, 34D, EV 105.6 MPH)
Bottom of the 3rd over - 0 runs, 1 hit, 0 errors, 1 left on base; Las Vegas 1 - San Francisco 0
TOP OF THE 4TH
Las Vegas Knights batting - Pitching for San Francisco Giants : RHP Jarrett Arojo
Batting: LHB Burton Van Skike 0-0: Swinging Strike
0-1: Ball
1-1: Ball
2-1: Foul Ball, location: 2F
2-2: Foul Ball, location: 3FF
2-2: Strikes out swinging
Batting: LHB Keshawn Harris 0-0: Ball
1-0: Foul Ball, location: 7LSF
1-1: Ball
2-1: Foul Ball, location: 2F
2-2: Ball
3-2: Strikes out swinging
Batting: RHB Dexter Hines 0-0: Ball
1-0: Called Strike
1-1: Foul Ball, location: 25F
1-2: Ball
2-2: Strikes out swinging
Top of the 4th over - 0 runs, 0 hits, 0 errors, 0 left on base; Las Vegas 1 - San Francisco 0
BOTTOM OF THE 4TH
San Francisco Giants batting - Pitching for Las Vegas Knights : LHP Raymundo Capellan
Batting: RHB Theodore Phu 0-0: Ball
1-0: Called Strike
1-1: Ball
2-1: SINGLE (Line Drive, 6D, EV 99.4 MPH)
Batting: RHB Abraham Whiteman 0-0: Ball
1-0: SINGLE (Line Drive, 6M, EV 93.8 MPH)
Theodore Phu to second
Batting: RHB Zavier Austin 0-0: Ball
1-0: Ball
2-0: Called Strike
2-1: SINGLE (Line Drive, 7S, EV 98.1 MPH)
Theodore Phu to third
Abraham Whiteman to second
Batting: RHB Solomon Ding 0-0: Ball
1-0: Called Strike
1-1: Foul Ball, location: 9LMF
1-2: Strikes out swinging
Batting: RHB Rhett Damewood 0-0: Called Strike
0-1: Foul Ball, location: 2F
0-2: SINGLE (Line Drive, 8RS, EV 96.9 MPH)
Theodore Phu scores
Abraham Whiteman to third
Zavier Austin to second
Batting: RHB Nolan Peterson 0-0: Ball
1-0: Foul Ball, location: 9LSF
1-1: Foul Ball, location: 2F
1-2: Ball
2-2: Strikes out swinging
Batting: RHB Zaiden Parker 0-0: Ball
1-0: Ball
2-0: Called Strike
2-1: Fly out, F3 (Popup, 34, EV 71.3 MPH)
Bottom of the 4th over - 1 run, 4 hits, 0 errors, 3 left on base; Las Vegas 1 - San Francisco 1
TOP OF THE 5TH
Las Vegas Knights batting - Pitching for San Francisco Giants : RHP Jarrett Arojo
Batting: RHB Danny Montano 0-0: Ball
1-0: Ball
2-0: Foul Ball, location: 5DF
2-1: Foul Ball, location: 3F
2-2: Foul Ball, location: 5F
2-2: DOUBLE (Flyball, 8RXD, EV 98.8 MPH)
Batting: RHB Tyler Sexton 0-0: Foul Ball, location: 2F
0-1: Ball
1-1: Ball
2-1: Fly out, F2 (Popup, 3SF, EV 73.8 MPH)
Batting: LHB Roy Popko 0-0: Ball
1-0: Called Strike
1-1: Swinging Strike
1-2: Ball
2-2: Strikes out swinging
Batting: RHB Jackson Dziedzic 0-0: Swinging Strike
0-1: Ball
1-1: SINGLE (Line Drive, 9S, EV 90.0 MPH)
Danny Montano to third
Runner from 3rd tries for Home, throw by RF and OUT! 9-2
Top of the 5th over - 0 runs, 2 hits, 0 errors, 1 left on base; Las Vegas 1 - San Francisco 1
BOTTOM OF THE 5TH
San Francisco Giants batting - Pitching for Las Vegas Knights : LHP Raymundo Capellan
Batting: RHB Kaiden Clackum 0-0: Foul Ball, location: 5FF
0-1: Ball
1-1: Ball
2-1: Fly out, F8 (Flyball, 8LD, EV 78.8 MPH)
Batting: LHB Jeff Edelman 0-0: Called Strike
0-1: Fly out, F9 (Flyball, 89M, EV 82.5 MPH)
Batting: RHB Theodore Phu 0-0: Ball
1-0: Ball
2-0: Ball
3-0: Called Strike
3-1: Base on Balls
Batting: RHB Abraham Whiteman 0-0: Foul Ball, location: 2F
0-1: Ball
1-1: Ground out 4-3 (Groundball, 4, EV 89.4 MPH)
Bottom of the 5th over - 0 runs, 0 hits, 0 errors, 1 left on base; Las Vegas 1 - San Francisco 1
TOP OF THE 6TH
Las Vegas Knights batting - Pitching for San Francisco Giants : RHP Jarrett Arojo
Batting: LHB Damian Rinehart 0-0: Ball
1-0: Ground out 4-3 (Groundball, 4, EV 109.4 MPH)
Batting: RHB Sam Graham 0-0: Ground out 3-1 (Groundball, 34S, EV 80.6 MPH)
Batting: LHB Burton Van Skike 0-0: Ball
1-0: Ball
2-0: Foul Ball, location: 23F
2-1: Ball
3-1: Fly out, F4 (Popup, 13S, EV 90.0 MPH)
Top of the 6th over - 0 runs, 0 hits, 0 errors, 0 left on base; Las Vegas 1 - San Francisco 1
BOTTOM OF THE 6TH
San Francisco Giants batting - Pitching for Las Vegas Knights : LHP Raymundo Capellan
Batting: RHB Zavier Austin 0-0: Ground out 4-3 (Groundball, 34D, EV 105.0 MPH)
Batting: RHB Solomon Ding 0-0: Called Strike
0-1: Foul Ball, location: 2F
0-2: Ball
1-2: Strikes out looking
Batting: RHB Rhett Damewood 0-0: Ball
1-0: Fly out, F9 (Flyball, 9S, EV 89.4 MPH)
Bottom of the 6th over - 0 runs, 0 hits, 0 errors, 0 left on base; Las Vegas 1 - San Francisco 1
TOP OF THE 7TH
Las Vegas Knights batting - Pitching for San Francisco Giants : RHP Jarrett Arojo
Batting: LHB Keshawn Harris 0-0: SOLO HOME RUN (Flyball, 7D, EV 96.9 MPH), Distance : 383 ft
Batting: RHB Dexter Hines 0-0: Ball
1-0: Ball
2-0: Ball
3-0: Called Strike
3-1: Base on Balls
Batting: RHB Danny Montano 0-0: Called Strike
0-1: Ball
1-1: Ball
2-1: Ball
3-1: Called Strike
3-2: Base on Balls
Dexter Hines to second
Pitching: RHP Smokey Deveraux
Batting: RHB Tyler Sexton 0-0: Called Strike
0-1: Foul Ball, location: 9LSF
0-2: Ball
1-2: Hit by Pitch
Dexter Hines to third
Danny Montano to second
Batting: LHB Roy Popko 0-0: Foul Ball, location: 7LDF
0-1: Ball
1-1: SINGLE (Line Drive, 7S, EV 86.3 MPH)
Dexter Hines scores
Danny Montano to third
Tyler Sexton to second
Batting: RHB Jackson Dziedzic 0-0: Ball
1-0: Called Strike
1-1: Ball
2-1: Ball
3-1: SINGLE (Groundball, 4MD, EV 100.0 MPH)
Danny Montano scores
Tyler Sexton to third
Roy Popko to second
Batting: LHB Damian Rinehart 0-0: Ball
1-0: Ball
2-0: Called Strike
2-1: Called Strike
2-2: Fly out, F4 (Popup, 34S, EV 86.3 MPH)
Batting: RHB Sam Graham 0-0: Grounds into double play, 5-2-3 (Groundball, 56S, EV 81.9 MPH)
Top of the 7th over - 3 runs, 3 hits, 0 errors, 2 left on base; Las Vegas 4 - San Francisco 1
BOTTOM OF THE 7TH
San Francisco Giants batting - Pitching for Las Vegas Knights : LHP Raymundo Capellan
Batting: RHB Nolan Peterson 0-0: Called Strike
0-1: Fly out, F9 (Line Drive, 9, EV 99.4 MPH)
Batting: RHB Zaiden Parker 0-0: Fly out, F9 (Flyball, 9, EV 75.6 MPH)
Batting: RHB Kaiden Clackum 0-0: Ball
1-0: Ball
2-0: Ground out 5-3 (Groundball, 56S, EV 81.3 MPH)
Bottom of the 7th over - 0 runs, 0 hits, 0 errors, 0 left on base; Las Vegas 4 - San Francisco 1
TOP OF THE 8TH
Las Vegas Knights batting - Pitching for San Francisco Giants : RHP Smokey Deveraux
Batting: LHB Burton Van Skike 0-0: Called Strike
0-1: Ball
1-1: Ball
2-1: Swinging Strike
2-2: Ball
3-2: Foul Ball, location: 25F
3-2: Ground out 5-3 (Groundball, 56, EV 83.8 MPH)
Batting: LHB Keshawn Harris 0-0: Ball
1-0: Ball
2-0: Ball
3-0: Base on Balls
Batting: RHB Dexter Hines 0-0: Ball
1-0: Ball
2-0: Foul Ball, location: 2F
2-1: Ground out 4-3 (Groundball, 4D, EV 109.4 MPH)
Keshawn Harris to second
Batting: RHB Danny Montano 0-0: SINGLE (Line Drive, 78S, EV 96.9 MPH)
Keshawn Harris to third
Runner from 3rd tries for Home, SAFE, throw by LF to home
Batting: RHB Tyler Sexton 0-0: Ball
1-0: Called Strike
1-1: Foul Ball, location: 9LSF
1-2: Foul Ball, location: 2F
1-2: SINGLE (Line Drive, 34D, EV 99.4 MPH)
Danny Montano to second
Batting: LHB Roy Popko 0-0: SINGLE (Line Drive, 78S, EV 106.9 MPH)
Danny Montano to third
Tyler Sexton to second
Runner from 3rd tries for Home, SAFE, throw by LF to home
Pitching: RHP Xavier Basha
Batting: RHB Jackson Dziedzic 0-0: Called Strike
0-1: Ball
1-1: Ground out 5-3 (Groundball, 56S, EV 92.5 MPH)
Top of the 8th over - 2 runs, 3 hits, 0 errors, 2 left on base; Las Vegas 6 - San Francisco 1
BOTTOM OF THE 8TH
San Francisco Giants batting - Pitching for Las Vegas Knights : LHP Raymundo Capellan
Batting: LHB Jeff Edelman 0-0: Called Strike
0-1: Ball
1-1: Ball
2-1: Foul Ball, location: 2F
2-2: Strikes out swinging, 2-3 out at first.
Batting: RHB Theodore Phu 0-0: Ball
1-0: Called Strike
1-1: Fly out, F4 (Popup, 34, EV 69.4 MPH)
Batting: RHB Abraham Whiteman 0-0: Ball
1-0: Foul Ball, location: 3SF
1-1: Fly out, F9 (Line Drive, 9D, EV 98.1 MPH)
Bottom of the 8th over - 0 runs, 0 hits, 0 errors, 0 left on base; Las Vegas 6 - San Francisco 1
TOP OF THE 9TH
Las Vegas Knights batting - Pitching for San Francisco Giants : RHP Xavier Basha
Batting: LHB Damian Rinehart 0-0: Ball
1-0: Called Strike
1-1: Called Strike
1-2: Ball
2-2: Foul Ball, location: 9LDF
2-2: Foul Ball, location: 23FF
2-2: Ball
3-2: Strikes out swinging
Batting: RHB Sam Graham 0-0: Ball
1-0: Called Strike
1-1: Foul Ball, location: 2F
1-2: Ball
2-2: Fly out, F6 (Line Drive, 6M, EV 63.1 MPH)
Batting: LHB Burton Van Skike 0-0: Fly out, F6 (Popup, 6MD, EV 53.1 MPH)
Top of the 9th over - 0 runs, 0 hits, 0 errors, 0 left on base; Las Vegas 6 - San Francisco 1
BOTTOM OF THE 9TH
San Francisco Giants batting - Pitching for Las Vegas Knights : LHP Raymundo Capellan
Batting: RHB Zavier Austin 0-0: Called Strike
0-1: Called Strike
0-2: SOLO HOME RUN (Flyball, 9LD, EV 95.6 MPH), Distance : 347 ft
Pitching: RHP Grump Powell
Batting: RHB Solomon Ding 0-0: Ball
1-0: Swinging Strike
1-1: Called Strike
1-2: Strikes out swinging
Batting: RHB Rhett Damewood 0-0: Foul Ball, location: 7LDF
0-1: Ball
1-1: Swinging Strike
1-2: Ball
2-2: Foul Ball, location: 2F
2-2: Foul Ball, location: 7LDF
2-2: SINGLE (Line Drive, 34D, EV 104.4 MPH)
Batting: RHB Nolan Peterson 0-0: Called Strike
0-1: Ball
1-1: Ball
2-1: Ball
3-1: Foul Ball, location: 2F
3-2: Strikes out looking
Batting: RHB Zaiden Parker 0-0: Called Strike
0-1: Fielders Choice at 2nd, 5-4 (Groundball, 56, EV 83.8 MPH)
Bottom of the 9th over - 1 run, 2 hits, 0 errors, 1 left on base; Las Vegas 6 - San Francisco 2
Wednesday, March 27th , 2024 - OOTP Baseball 24.11 Build 85